 Dungeon Crawl Stone Soup version 0.28-a0-94-g325244837d (webtiles) character file.

Game seed: 8326780814412802320

4373 vklrkl the Geomancer (level 10, -4/56 HPs)
             Began as a Gargoyle Earth Elementalist on Aug 7, 2021.
             Was a Follower of Vehumet.
             Shot with a sling bullet by Joseph (15 damage)
             ... on level 8 of the Dungeon.
             The game lasted 00:18:24 (10781 turns).

vklrkl the Geomancer (Gargoyle Earth Elementalist) Turns: 10781, Time: 00:18:24

Health: -4/56      AC: 20    Str: 12    XL:     10   Next: 34%
Magic:  12/29      EV: 12    Int: 19    God:    Vehumet [*.....]
Gold:   454        SH:  0    Dex: 10    Spells: 19/23 levels left

rFire   . . .      SeeInvis .   p - +0 mace (vorpal)
rCold   . . .      Faith    .   (no shield)
rNeg    + . .      Spirit   .   u - +2 leather armour {rPois}
rPois   ∞          Reflect  .   w - +1 helmet
rElec   +          Harm     .   o - +1 cloak
rCorr   .          Rampage  .   (no gloves)
Will    .....                   (no boots)
Stlth   ++........              (no amulet)
HPRegen 0.18/turn               a - ring of magical power
MPRegen 0.21/turn               e - +4 ring of protection

@: marked
A: sickness immunity, AC +7, negative energy resistance 1, electricity
resistance, torment resistance 1, petrification resistance
a: Renounce Religion


You were on level 8 of the Dungeon.
You worshipped Vehumet.
Vehumet was aware of your devotion.
You visited 2 branches of the dungeon, and saw 9 of its levels.

You collected 454 gold pieces.

Inventory:

Hand Weapons
 p - a +0 vorpal mace (weapon)
Missiles
 c - 209 stones
Armour
 o - a +1 cloak (worn)
 q - a scarf of invisibility
 u - a +2 leather armour of poison resistance (worn)
 w - a +1 helmet (worn)
Jewellery
 a - a ring of magical power (left hand)
 e - a +4 ring of protection (right hand)
 v - a ring of fire
 y - a ring of protection from cold
Wands
 g - a wand of digging (3)
 r - a wand of flame (41)
 s - a wand of mindburst (17)
Scrolls
 b - a scroll of magic mapping
 f - 3 scrolls of teleportation
 l - 2 scrolls of immolation
 t - 5 scrolls of blinking
Potions
 d - a potion of mutation {unknown}
 h - 3 potions of curing
 i - 2 potions of haste
 j - 2 potions of cancellation
 k - 2 potions of lignification
 m - a potion of attraction
 n - 2 potions of heal wounds
 x - 2 potions of might {unknown}
 z - a potion of brilliance {unknown}


   Skills:
 + Level 3.1 Fighting
 + Level 3.1 Maces & Flails
 + Level 3.3 Armour
 + Level 3.1 Dodging
 - Level 2.1 Stealth
 + Level 7.0 Spellcasting
 + Level 7.7 Conjurations
 - Level 0.7 Transmutations
 + Level 9.7 Earth Magic
 + Level 2.7 Evocations


You had 19 spell levels left.
You knew the following spells:

 Your Spells              Type           Power      Damage    Failure   Level
a - Sandblast             Erth           86%        2d18      1%          1
b - Stone Arrow           Conj/Erth      80%        3d12      1%          3

Your spell library contained the following spells:

 Spells                   Type           Power      Damage    Failure   Level
 Freeze                   Ice            24%        1d5       13%         1
 Passwall                 Tmut/Erth      21%        N/A       2%          2
 Petrify                  Tmut/Erth      26%        N/A       14%         4
 Swiftness                Air            6%         N/A       36%         3
 Invisibility             Hex            3%         N/A       100%        6


Dungeon Overview and Level Annotations

Branches:
Dungeon (8/15)             Temple (1/1) D:6
   Lair: D:8-11

Altars:
Ashenzari
Elyvilon
Ru
Vehumet
Yredelemnul
Zin
The Shining One

Annotations:
D:8 Joseph


Innate Abilities, Weirdness & Mutations

You are immune to sickness and miasma.
Your stone body is resilient. (AC +7)
You are immune to poison.
You resist negative energy. (rN+)
You are resistant to electric shocks. (rElec)
You are resistant to unholy torment.
You are immune to petrification.


Message History

The stone arrow hits the centaur!
The centaur is almost dead.
The centaur shoots an arrow.
The arrow hits you. The arrow freezes you.
The centaur shoots an arrow.
The arrow hits you but does no damage.
Casting: Stone Arrow (safe; 1% risk of failure)
Confirm with . or Enter, or press ? or * to list all spells.
Aiming: Stone Arrow (safe; 1% risk of failure)
Press: ? - help, Shift-Dir - straight line, f/p - centaur
Aim: a centaur, wielding a +0 shortbow of freezing and quivering arrows (almost dead, 84% to hit)
The stone arrow hits the centaur!
You kill the centaur!
Vehumet accepts your kill.
Joseph, a Mercenary comes into view.
He is wielding a +0 quarterstaff.
Casting: Stone Arrow (safe; 1% risk of failure)
Confirm with . or Enter, or press ? or * to list all spells.
Aiming: Stone Arrow (safe; 1% risk of failure)
Press: ? - help, Shift-Dir - straight line, f - Joseph
Aim: Joseph, wielding a +0 quarterstaff, wearing a +0 leather armour and quivering sling bullets (76% to hit)
The stone arrow hits Joseph!!
Joseph is moderately wounded.
Joseph unwields a +0 quarterstaff.
Joseph wields a +0 hunting sling.
Joseph shoots a sling bullet.
The sling bullet hits you!
Casting: Stone Arrow (safe; 1% risk of failure)
Confirm with . or Enter, or press ? or * to list all spells.
Aiming: Stone Arrow (safe; 1% risk of failure)
Press: ? - help, Shift-Dir - straight line, f/p - Joseph
Aim: Joseph, wielding a +0 hunting sling, wearing a +0 leather armour and quivering sling bullets (moderately wounded, 76% to hit)
The stone arrow misses Joseph.
Joseph shoots a sling bullet.
The sling bullet hits you!
* * * LOW HITPOINT WARNING * * *
Unknown command.
Casting: Stone Arrow (safe; 1% risk of failure)
Confirm with . or Enter, or press ? or * to list all spells.
Aiming: Stone Arrow (safe; 1% risk of failure)
Press: ? - help, Shift-Dir - straight line, f/p - Joseph
Aim: Joseph, wielding a +0 hunting sling, wearing a +0 leather armour and quivering sling bullets (moderately wounded, 76% to hit)
The stone arrow hits Joseph!!
Joseph is heavily wounded.
Joseph shoots a sling bullet.
The sling bullet hits you!
You die...

. ##..##..######
..#####..#....|###
............c....#
####.....####....###
†........#
####...#####
####...### ##@.....#
#...# #.####.# #c..#
##.# .....# #@.#
#.##..# #.## #. #...#
#.# ...#.#..#### #.#
.........###.#
...#.......####..
.###.#.##.###.........
.......<†))...........
.#...#.######..####...


You could see Joseph.

Vanquished Creatures
  Pikel (D:4)
  Prince Ribbit (D:5)
  Grum (D:8)
  Eustachio (D:4)
  A steam dragon (D:6)
  Duvessa (D:4)
  A water moccasin (D:7)
  An ice beast (D:6)
  A sky beast (D:8)
  2 black bears
  2 necrophages
  2 wolves (D:8)
  3 ogres
  4 centaurs
  2 phantoms (D:4)
  Blork the orc (D:4)
  2 scorpions
  A wyvern zombie (D:6)
  Dowan (D:4)
  2 wyvern skeletons (D:7)
  5 killer bees (D:8)
  9 wights
  2 orc priests (D:6)
  A hound (D:4)
  A gnoll shaman (D:6)
  Ijyb (D:5)
  Crazy Yiuf (D:3)
  A bullfrog skeleton (D:6)
  4 iguanas
  2 orc wizards
  A killer bee zombie (D:7)
  A hound skeleton (D:4)
  4 gnolls (D:6)
  18 adders
  2 shadow imps
  A white imp (D:8)
  An adder skeleton (D:4)
  2 worms
  2 dart slugs
  14 orcs
  5 ball pythons
  8 bats
  15 endoplasms
  6 giant cockroaches
  9 goblins
  4 hobgoblins
  8 jackals
  4 quokkas
  3 frilled lizards
  12 kobolds
  4 rats
  A bush (D:3)
183 creatures vanquished.

Vanquished Creatures (others)
  2 fungi (D:3)
  4 plants (D:3)
6 creatures vanquished.

Grand Total: 189 creatures vanquished

Notes
Turn   | Place    | Note
-------+----------+-------------------------------------------
     0 | D:1      | vklrkl the Gargoyle Earth Elementalist began the quest for
                  | the Orb.
     0 | D:1      | Reached XP level 1. HP: 10/10 MP: 3/3
   388 | D:1      | Reached XP level 2. HP: 9/15 MP: 5/5
   389 | D:1      | Reached skill level 4 in Earth Magic
   741 | D:1      | Reached XP level 3. HP: 9/19 MP: 6/6
   745 | D:1      | Learned a level 3 spell: Stone Arrow
  1700 | D:2      | Reached skill level 1 in Conjurations
  1989 | D:2      | Reached XP level 4. HP: 23/24 MP: 8/8
  2264 | D:2      | Found a faded altar of an unknown god.
  2653 | D:3      | Reached skill level 5 in Earth Magic
  2745 | D:3      | Reached XP level 5. HP: 28/28 MP: 9/9
  3476 | D:3      | Found a basalt altar of Yredelemnul.
  3494 | D:3      | Noticed an ogre
  3500 | D:3      | Killed an ogre
  3501 | D:3      | Reached XP level 6. HP: 32/32 MP: 11/11
  3580 | D:3      | Found a white marble altar of Elyvilon.
  3872 | D:3      | Found a runed translucent door.
  3873 | D:3      | Noticed Crazy Yiuf
  3880 | D:3      | Killed Crazy Yiuf
  4327 | D:3      | Found a broken altar of Ashenzari.
  4668 | D:4      | Found a sacrificial altar of Ru.
  4674 | D:4      | Reached skill level 6 in Earth Magic
  5050 | D:4      | Reached XP level 7. HP: 32/36 MP: 13/13
  5206 | D:4      | Noticed Pikel
  5211 | D:4      | Killed Pikel
  5212 | D:4      | Reached skill level 5 in Spellcasting
  5212 | D:4      | Reached skill level 5 in Conjurations
  5212 | D:4      | Reached skill level 7 in Earth Magic
  5212 | D:4      | Reached XP level 8. HP: 41/41 MP: 10/15
  5212 | D:4      | Noticed Eustachio
  5221 | D:4      | Killed Eustachio
  5538 | D:4      | Noticed Blork the orc
  5543 | D:4      | Killed Blork the orc
  5748 | D:4      | Reached skill level 8 in Earth Magic
  6144 | D:4      | Noticed Duvessa
  6145 | D:4      | Noticed Dowan
  6151 | D:4      | Killed Duvessa
  6153 | D:4      | Killed Dowan
  6803 | D:5      | Entered Level 5 of the Dungeon
  6805 | D:5      | Noticed Prince Ribbit
  6811 | D:5      | Killed Prince Ribbit
  6812 | D:5      | Reached XP level 9. HP: 45/45 MP: 15/18
  6888 | D:5      | Noticed Ijyb
  6891 | D:5      | Killed Ijyb
  7157 | D:5      | Reached skill level 9 in Earth Magic
  7310 | D:5      | Found a glowing golden altar of the Shining One.
  7542 | D:5      | Found a glowing silver altar of Zin.
  7543 | D:5      | Noticed an angel
  7755 | D:6      | Found a radiant altar of Vehumet.
  7765 | D:6      | Became a worshipper of Vehumet
  7812 | D:6      | Reached skill level 1 in Armour
  7814 | D:6      | Reached skill level 1 in Fighting
  7814 | D:6      | Reached skill level 1 in Maces & Flails
  7826 | D:6      | Reached skill level 1 in Evocations
  8605 | D:6      | Found a staircase to the Ecumenical Temple.
  8818 | Temple   | Entered the Ecumenical Temple
  9196 | D:7      | Reached * piety under Vehumet
  9196 | D:7      | Offered knowledge of Freeze by Vehumet.
  9631 | D:7      | Reached XP level 10. HP: 46/54 MP: 20/20
 10435 | D:8      | Noticed Grum
 10442 | D:8      | Killed Grum
 10778 | D:8      | Noticed Joseph
 10781 | D:8      | Shot with a sling bullet by Joseph

Illustrated notes

Levels and vault maps discovered:
D:1:      evilmike_arrival_rings, layout_basic
D:2:      layout_rooms, basic_ecumenical_altar, minmay_misc_feat_square
D:3:      layout_basic, mainiacjoe_overflow_cross_hatched, elyvilon_altar_1,
          old_standard_altar, serial_forest, infiniplex_forest_corner_1,
          infiniplex_forest_clump_double, infiniplex_forest_clump_diagonal,
          infiniplex_forest_straight_3, infiniplex_forest_straight_5,
          infiniplex_forest_end_2, infiniplex_forest_clump_C,
          minmay_snake_closets, uniq_crazy_yiuf_cottage
D:4:      minmay_thinvault, layout_basic, nicolae_ru_awakened_eye,
          uniq_eustachio, uniq_pikel, uniq_duvessa, uniq_blork_the_orc
D:5:      layout_basic, tso_metal_star, zin_angel, uniq_ijyb,
          uniq_prince_ribbit1
D:6:      layout_layer_cave, vehumet_altar_wand_db, minmay_temple_entry_tees,
          minmay_tree_intersection
D:7:      layout_gridville, minmay_fountain_box
D:8:      layout_rooms, gammafunk_temple_overflow_elements, uniq_grum,
          uniq_joseph
Temple:   nicolae_temple_figure_zero

Skill      XL: |  1  2  3  4  5  6  7  8  9 10 |
---------------+-------------------------------+-----
Earth Magic    | 4 5 6 7 8 9 |  9.7
Conjurations   | 1 2 3 5 6 7 |  7.7
Spellcasting   | 3 4 5 6 7 |  7.0
Armour         | 2 3 |  3.3
Fighting       | 2 3 |  3.1
Maces & Flails | 2 3 |  3.1
Dodging        | 2 3 |  3.1
Evocations     | 2 |  2.7
Stealth        | |  2.1
Transmutations | |  0.7

Action                   |  1- 3 |  4- 6 |  7- 9 | 10-12 || total
-------------------------+-------+-------+-------+-------++-------
Melee: Short sword       |    28 |       |       |       ||    28
       Mace              |    54 |   320 |   110 |    36 ||   520
 Cast: Sandblast         |    26 |    39 |    22 |    10 ||    97
       Stone Arrow       |       |       |    77 |    22 ||    99
Evoke: Wand              |       |       |     7 |     1 ||     8
  Use: Scroll            |     5 |     6 |     5 |     2 ||    18
 Stab: Sleeping          |     3 |     6 |     2 |       ||    11
Armor: Robe              |    47 |   158 |    29 |       ||   234
       Leather armour    |       |       |    56 |    52 ||   108
Dodge: Dodged            |    76 |   203 |   104 |    66 ||   449

Table legend: (Time is in decaauts)
 A = Elapsed time spent in this place.
 B = Non-inter-level travel time spent in this place.
 C = Inter-level travel time spent in this place.
 D = Time resting spent in this place.
 E = Time spent auto-exploring this place.
 F = Levels seen in this place.
 G = Mean time per level.
                   A        B        C        D        E       F      G
               +--------+--------+--------+--------+--------+-----+--------+
         Total |  10980 |  10737 |    243 |     27 |   9077 |   9 | 1220.0 |
       Dungeon |  10978 |  10737 |    241 |     27 |   9077 |   8 | 1372.2 |
        Temple |      1 |      0 |      1 |      0 |      0 |   1 |    1.0 |
               +--------+--------+--------+--------+--------+-----+--------+

Top non-repeatable levels by time:
     D:4: 2212 daAuts
     D:3: 2197 daAuts
     D:7: 1564 daAuts
     D:1: 1389 daAuts
     D:6: 1228 daAuts
     D:2: 1174 daAuts
     D:5: 862 daAuts
     D:8: 350 daAuts
  Temple: 1 daAuts
